 Dungeon Crawl Stone Soup version 0.22-a0-580-gd5db89c (webtiles) character file.

247 sking99 the Ruffian (level 5, -3/54 HPs)
             Began as a Troll Monk on July 3, 2018.
             Killed from afar by an orc wizard (4 damage)
             ... with a magic dart
             ... on level 4 of the Dungeon.
             The game lasted 00:03:52 (2191 turns).

sking99 the Ruffian (Troll Monk)                    Turns: 2191, Time: 00:03:53

Health: -3/54      AC:  6    Str: 19    XL:     5   Next: 85%
Magic:  4/4        EV: 10    Int:  6    God:
Gold:   98         SH:  0    Dex: 13    Spells: 4/4 levels left

rFire    . . .     SeeInvis .     - Unarmed
rCold    . . .     Gourm    +   (no shield)
rNeg     . . .     Faith    .   a - +1 robe
rPois    .         Spirit   .   (helmet restricted)
rElec    .         Reflect  .   (no cloak)
rCorr    .         Harm     .   (gloves unavailable)
MR       .....                  (boots unavailable)
Stlth    ++........             (no amulet)
HPRegen  0.58/turn              (no ring)
MPRegen  0.09/turn              (no ring)

@: no status effects
A: large, unfitting armour, claws 3, fast metabolism 3, gourmand, regeneration
1, shaggy fur 1, tough skin 2
a: no special abilities


You were on level 4 of the Dungeon.
You were very full.

You visited 1 branch of the dungeon, and saw 4 of its levels.

You collected 98 gold pieces.

Inventory:

Armour
 a - a +1 robe (worn)
Jewellery
 q - a +4 ring of evasion {unknown}
 v - a +4 ring of dexterity {unknown}
Scrolls
 c - 2 scrolls of remove curse
 o - a scroll of teleportation
Potions
 e - a potion of magic
 f - a potion of agility {unknown}
 g - a potion of heal wounds {unknown}
 h - a potion of ambrosia {unknown}
 j - 2 potions of might
 m - 2 potions of curing
 n - a potion of haste {unknown}
 p - a potion of resistance {unknown}
 u - a potion of flight
Comestibles
 b - 8 rations
 r - 2 chunks of flesh


   Skills:
 + Level 3.7 Fighting
 - Level 2.4 Dodging
 - Level 1.0 Stealth
 * Level 5.7 Unarmed Combat


You had 4 spell levels left.
You didn't know any spells.
Your spell library was empty.

Dungeon Overview and Level Annotations

Branches:
Dungeon (4/15)
 Temple: D:4-7

Altars:
Hepliaklqana


Innate Abilities, Weirdness & Mutations

You are too large for most types of armour.
You have claws for hands.
Your metabolism is lightning-fast.
You like to eat raw meat.
Your natural rate of healing is unusually fast.
You are covered in fur. (AC +1)
You have very tough skin. (AC +2)


Message History

A magic dart appears from out of thin air!
The magic dart hits you!
You barely miss the orc. The bullfrog skeleton hits you. The orc misses you.
The orc wizard casts a spell at you. The puff of frost hits you!
* * * LOW HITPOINT WARNING * * *
The orc barely misses you. Something hits you but does no damage.
You scratch the orc but do no damage.
The bullfrog skeleton hits you but does no damage.
The orc wizard hits you with a dagger.
* * * LOW HITPOINT WARNING * * *
The phantom blinks!
The orc hits you but does no damage. x2
The bullfrog skeleton hits you.
* * * LOW HITPOINT WARNING * * *
The orc hits you with a flail.
* * * LOW HITPOINT WARNING * * *
You hear some strange, mumbled words.
A magic dart appears from out of thin air!
The magic dart hits you!
You die...

......# .# #.....## .[...
#......##.#..#.
#...)......#.. .##..
#...§...#...###.#..##
#......W............
######..(...O#...##....#
#......(†...Zo.#.......###
#..........#o@o.# .......
#..........(.#o.###....#
#..?..######o..<##.....#.
#.....# ##.............
##.#### #............. #.#
##..##.##..... ##.# #....
#..##.# ..#.. #..#
#..........##.# .# .
#.###...........##.# #


You could see a phantom, an ogre, an orc wizard, 4 orcs and a bullfrog skeleton.

Vanquished Creatures
  A hound (D:4)
  2 orc priests
  6 adders
  An ooze (D:3)
  4 worms
  3 dart slugs
  2 leopard geckos (D:3)
  3 orcs
  5 bats
  5 giant cockroaches
  5 goblins
  9 hobgoblins
  9 jackals
  A quokka (D:2)
  A ball python (D:2)
  2 frilled lizards (D:1)
  7 kobolds
  12 rats
78 creatures vanquished.

Notes
Turn   | Place    | Note
-------+----------+-------------------------------------------
     0 | D:1      | sking99 the Troll Monk began the quest for the Orb.
     0 | D:1      | Reached XP level 1. HP: 22/22 MP: 0/0
   153 | D:1      | Reached XP level 2. HP: 16/29 MP: 1/1
   574 | D:1      | Reached XP level 3. HP: 36/36 MP: 2/2
   784 | D:2      | Reached skill level 4 in Unarmed Combat
   913 | D:2      | Reached XP level 4. HP: 45/45 MP: 3/3
  1025 | D:2      | Found a hazy altar of Hepliaklqana.
  1477 | D:3      | Reached skill level 5 in Unarmed Combat
  1477 | D:3      | Reached XP level 5. HP: 25/53 MP: 4/4
  2170 | D:4      | Noticed a phantom
  2178 | D:4      | Noticed an ogre
  2191 | D:4      | HP: 1/54 [orc/flail (5)]
  2191 | D:4      | Killed from afar by an orc wizard

Vault maps used:
D:1:      ncdulo_watergridlock, fountainhead, roderic_lattice_a
D:2:      lemuel_doored_altar, first_ration
D:3:      st_stairs_14
D:4:      old_standard_altar, chequers_temple_overflow_minitemple,
          okawaru_trees_1

Skill      XL: |  1  2  3  4 |
---------------+-------------+-----
Unarmed Combat | 4 5 |  5.7
Fighting       | 3 |  3.7
Dodging        | |  2.4
Stealth        | |  1.0

Action                   |  1- 3 |  4- 6 || total
-------------------------+-------+-------++-------
Melee: Unarmed           |    77 |   108 ||   185
       Punch             |     2 |     1 ||     3
  Use: Scroll            |       |    13 ||    13
 Stab: Sleeping          |     4 |     5 ||     9
  Eat: Chunk             |    14 |    11 ||    25
Armor: Robe              |    26 |    43 ||    69
Dodge: Dodged            |    36 |    58 ||    94

Table legend:
 A = Spawn XP
 B = Non-spawn XP
 C = Spawn XP percentage of total XP
 D = Spawn monster count
 E = Non-spawn monster count
 F = Spawn count percentage of total count
 G = Total turns spent on level
                    A         B        C        D         E        F      G
               +---------+---------+-------+---------+---------+-------+---------
         Total |       0 |     353 |   0.0 |       0 |      78 |   0.0 |  2191
               +---------+---------+-------+---------+---------+-------+---------
           D:1 |       0 |      46 |   0.0 |       0 |      26 |   0.0 |   760
           D:2 |       0 |      96 |   0.0 |       0 |      24 |   0.0 |   673
           D:3 |       0 |     119 |   0.0 |       0 |      24 |   0.0 |   698
           D:4 |       0 |      92 |   0.0 |       0 |       4 |   0.0 |    60
               +---------+---------+-------+---------+---------+-------+---------
